 Dungeon Crawl Stone Soup version 0.31-a0-774-g0d66cbabe8 (console) character file.

Game seed: 14578380462506322966

155264 jejorda2 the Cleaver (level 17, -1/137 HPs)
             Began as a Gnoll Berserker on Sept 17, 2023.
             Was a High Priest of Trog.
             Succumbed to a redback's poison
             ... on level 4 of the Spider Nest.
             The game lasted 01:25:05 (28538 turns).

jejorda2 the Cleaver (Gnoll Berserker)             Turns: 28538, Time: 01:25:06

Health: -1/137     AC: 32    Str: 23    XL:     17   Next: 64%
Magic:  0/29       EV: 17    Int:  7    God:    Trog [*****.]
Gold:   1782       SH: 11    Dex: 11    Spells: 40/40 levels left

rFire   + . .        a - +8 hand axe {flame, Will+ Stlth+}
rCold   + . .        V - +0 kite shield {reflect}
rNeg    . . .        m - +4 chain mail
rPois   +            s - +2 helmet {SInv}
rElec   .            Z - scarf {rC+ rF+}
rCorr   +            i - +3 pair of gloves of Duumar {+Inv rPois rCorr Int-2}
SInv    +            v - +2 pair of boots
Will    ++...        M - amulet of regeneration
Stlth   +++          e - +4 ring of protection
HPRegen 1.22/turn    Y - +5 ring of evasion
MPRegen 0.21/turn

%: reflection
@: lethally poisoned (-1 -> -4), on berserk cooldown, slowed, very slow
A: fangs 1, strong nose, distributed training, low MP 1
a: Renounce Religion, Evoke Invisibility, Berserk, Trog's Hand, Brothers in Arms


You were on level 4 of the Spider Nest.
You worshipped Trog.
Trog was extremely pleased with you.
You visited 4 branches of the dungeon, and saw 26 of its levels.
You also visited: Gauntlet.

You collected 2734 gold pieces.
You spent 952 gold pieces at shops.

Inventory:

Hand Weapons
 a - the +8 hand axe of Analysis (weapon) {flame, Will+ Stlth+}
   (You found it in a Gauntlet)

   Will+:     It increases your willpower.
   Stlth+:    It makes you more stealthy.
Missiles
 b - 2 darts of dispersal
 l - 8 poisoned darts (quivered)
 t - 25 boomerangs
 w - 11 curare-tipped darts
 y - 8 atropa-tipped darts
 C - 10 silver javelins
 J - 4 throwing nets
Armour
 i - the +3 pair of gloves of Duumar (worn) {+Inv rPois rCorr Int-2}
   (You took it off Nikola on level 2 of the Spider Nest)

   Int-2:     It affects your intelligence (-2).
   rPois:     It protects you from poison +Inv: It lets you turn invisible.
   rCorr:     It protects you from acid and corrosion.
 j - the +2 cloak of Xiesiul {rElec Dex-5 Slay+4 Stlth-}
   (You found it on level 7 of the Dungeon)

   Dex-5:     It affects your dexterity (-5).
   Slay+4:    It affects your accuracy & damage with ranged weapons and melee
   (+4).
   rElec:     It insulates you from electricity.
   Stlth-:    It makes you less stealthy.
 m - a +4 chain mail (worn)
 s - a +2 helmet of see invisible (worn)
 v - a +2 pair of boots (worn)
 V - a +0 kite shield of reflection (worn)
 Z - a scarf of resistance (worn)
Jewellery
 e - a +4 ring of protection (left hand)
 M - an amulet of regeneration (around neck)
 T - a ring of ice
 Y - a +5 ring of evasion (right hand)
Wands
 k - a wand of roots (27)
 A - a wand of digging (11)
 D - a wand of polymorph (13)
 N - a wand of flame (51)
 P - a wand of light (5)
 Q - a wand of mindburst (3)
 W - a wand of paralysis (10)
Scrolls
 c - 5 scrolls of poison
 d - 5 scrolls of teleportation
 p - 5 scrolls of identify
 x - 3 scrolls of revelation
 z - a scroll of blinking
 H - 4 scrolls of fog
 I - 4 scrolls of fear
Potions
 f - 2 potions of enlightenment
 g - 4 potions of invisibility
 h - 2 potions of might
 n - 6 potions of heal wounds
 o - 2 potions of haste
 q - 3 potions of ambrosia
 r - 9 potions of curing
 u - 3 potions of mutation
 B - 3 potions of attraction
 E - a potion of resistance


   Skills:
 + Level 13.5 Fighting
 + Level 12.0 Short Blades
 + Level 12.0 Long Blades
 + Level 13.5 Axes
 + Level 12.0 Maces & Flails
 + Level 12.0 Polearms
 + Level 12.0 Staves
 + Level 12.0 Ranged Weapons
 + Level 12.0 Throwing
 + Level 12.8 Armour
 + Level 12.8 Dodging
 + Level 12.0 Stealth
 + Level 12.0 Shields
 + Level 12.0 Unarmed Combat
 + Level 12.0 Spellcasting
 + Level 10.1 Conjurations
 + Level 10.1 Hexes
 + Level 10.1 Summonings
 + Level 10.1 Necromancy
 + Level 10.1 Translocations
 + Level 10.1 Transmutations
 + Level 10.1 Fire Magic
 + Level 10.1 Ice Magic
 + Level 10.1 Air Magic
 + Level 10.1 Earth Magic
 + Level 10.1 Poison Magic
 + Level 13.0 Invocations
 + Level 12.0 Evocations
 + Level 11.0 Shapeshifting


You had 40 spell levels left.
You didn't know any spells.
Your spell library was empty.

Dungeon Overview and Level Annotations

Branches:
Dungeon (15/15)            Temple (0/1) D:5            Lair (5/5) D:11
 Shoals (0/4) Lair:2       Spider (4/4) Lair:3        Slime (0/5) Lair:5
    Orc (2/2) D:12            Elf (0/3) Orc:2        Vaults (0/5) D:13
 Depths (0/4) D:15        Gauntlet (visited)

Altars:
Dithmenos
Elyvilon
Fedhas
Gozag
Hepliaklqana
Nemelex Xobeh
Okawaru
Qazlal
Ru
Sif Muna
Trog
Uskayaw
Wu Jian
Yredelemnul
The Shining One
Jiyva

Shops:
D:9 !   Orc:2 [*:??![!


Innate Abilities, Weirdness & Mutations

You have very sharp teeth.
Your uncanny sense of smell can sniff out nearby items.
Your experience applies equally to all skills.
Your magical capacity is low. (-10% MP)


Message History

You slice the jumping spider!! You burn the jumping spider.
You kill the jumping spider!
Trog accepts your kill.
You hit the wolf spider. You burn the wolf spider. You slash the wolf spider!
You burn the wolf spider. You slash the emperor scorpion!
You burn the emperor scorpion.
A freezing mist starts to gather...
A jumping spider simulacrum comes into view.
You feel sick.
The wolf spider hits you but does no damage.
The wolf spider bites you.
* * * LOW HITPOINT WARNING * * *
Unknown command.
Unknown command.
You are too berserk!
You hit the ghost moth. You burn the ghost moth.
The ghost moth is almost dead.
You slash the wolf spider! You burn the wolf spider.
You hit the emperor scorpion but do no damage. x2
You barely miss the wolf spider.
* * * LOW HITPOINT WARNING * * *
You feel sick. The ghost moth closely misses you.
You block the ghost moth's attack. x2
The emperor scorpion stings you but does no damage.
The emperor scorpion claws you but does no damage. x2
The emperor scorpion closely misses you. x2
The emperor scorpion barely misses you. The wolf spider barely misses you.
The wolf spider misses you.
Unknown command.
Unknown command.
Unknown command.
You barely miss the ghost moth.
The ghost moth is almost dead.
You hit the wolf spider. You burn the wolf spider.
You barely miss the wolf spider. You slash the emperor scorpion!
You burn the emperor scorpion.
You hit the emperor scorpion but do no damage.
You are no longer berserk.
You are exhausted.
You feel yourself slow down.
You die...

.....## .^.^^^# .....
####### ...^. .
..^...######## .... .^
.....^^....^.#####^^^ ..ยง
....)..#.....^^.^^โ‰ˆ##~...
...................^~~...
.......#.......Oss.......
.^^...~.........@ys......
#######.^^.....^sss......
.^..^####.^..Z.##.^^.....
....## ###~.^##~^##.....
.^.## ##### .~. ^.... ...#
โˆ† ..... .... ..##โˆ†
.s.... ... .^# ss.....s.^^
^.#


You could see 2 emperor scorpions, a ghost moth (invisible), 3 wolf spiders, a
jumping spider, a jumping spider simulacrum and a friendly ogre (summoned,
berserk).

Vanquished Creatures
  Nikola (Spider:2)
  Jorgrun (Orc:1)
  Frances (Spider:2)
  A tengu reaver (D:13)
  Louise (Spider:2)
  4 ghost moths
  A juggernaut zombie (D:15)
  3 emperor scorpions
  A very ugly thing (D:13)
  A dire elephant (Lair:5)
  A spark wasp (Spider:4)
  A minotaur (Gauntlet)
  Josephine (Spider:1)
  A fire dragon (D:13)
  4 entropy weavers
  Harold (D:10)
  A vault guard (D:13)
  An ogre mage (D:15)
  8 two-headed ogres
  An ironbound frostheart (D:13)
  8 hydras
  Fannar (D:12)
  2 catoblepae
  3 radroaches
  A jorogumo (Spider:4)
  8 boulder beetles
  5 centaur warriors
  A death knight (D:15)
  A deep troll shaman (Lair:5)
  4 tengu warriors
  3 demonic crawlers
  8 death yaks
  4 pharaoh ants
  A sun moth (Spider:2)
  Amaemon (Lair:2)
  A fire crab (Gauntlet)
  2 skeletal warriors (D:15)
  A skyshark (Lair:5)
  4 steelbarb worms
  6 orb spiders
  A wizard (D:14)
  2 necromancers
  The ghost of Fodor the Basher, a novice MiFi (D:8)
  A phantasmal warrior (D:15)
  4 orc knights
  A fire giant zombie (D:15)
  3 deep elf pyromancers
  18 wolf spiders
  An ugly thing (D:13)
  3 manticores
  An orc sorcerer (Orc:1)
  8 cyclopes
  24 elephants
  3 merfolk sirens (Lair:2)
  2 moths of wrath
  Maurice (Orc:2)
  An orange demon (Lair:2)
  2 black mambas (Lair:5)
  14 cane toads
  3 torpor snails
  An unseen horror (D:13)
  4 rime drakes
  2 gargoyles
  3 kobold demonologists (D:10)
  2 efreet
  10 komodo dragons
  A freezing wraith (D:12)
  2 tengu conjurers
  9 trolls
  A merfolk (Lair:2)
  3 polar bears
  Prince Ribbit (D:5)
  8 meliai
  21 tarantellas
  2 spriggan zombies (D:15)
  A hornet (D:7)
  11 blink frogs
  4 dream sheep
  A slime creature (D:8)
  Sigmund (D:3)
  25 jumping spiders
  20 culicivoras
  3 fire bats (Gauntlet)
  2 shadows
  A water elemental (D:12)
  9 wraiths
  A vampire (D:12)
  38 yaks
  5 wyverns
  4 basilisks
  2 humans (D:13)
  2 vampire mosquitoes (D:13)
  42 redbacks
  A warg (Orc:1)
  Menkaure (D:5)
  4 acid dragons
  16 water moccasins
  4 sky beasts
  40 orc warriors
  5 black bears
  3 ice beasts
  17 ogres
  17 wolves
  23 centaurs
  3 phantoms
  Blork the orc (D:4)
  15 bullfrogs
  2 gnoll sergeants
  4 scorpions
  4 wights (D:6)
  6 killer bees
  6 howler monkeys
  4 electric eels
  A crimson imp (D:14)
  2 quasits (D:5)
  7 hounds
  9 jellies
  2 sleepcaps
  12 orc priests
  Terence (D:3)
  3 iguanas
  Natasha (thrice) (D:3)
  18 orc wizards
  9 gnolls
  7 adders
  3 shadow imps
  An ufetubus (D:7)
  4 dart slugs
  70 orcs
  3 endoplasms
  3 giant cockroaches
  6 hobgoblins
  7 jackals
  6 kobolds
  2 quokkas
  5 ball pythons
  6 bats
  2 frilled lizards (D:1)
  11 goblins
  4 rats
819 creatures vanquished.

Vanquished Creatures (collateral kills)
  An elephant (Lair:5)
  2 cane toads (Lair:5)
  A dream sheep (Lair:5)
  3 blink frogs (Lair:5)
  A jumping spider (Spider:4)
  A vampire (D:12)
  A centaur (D:12)
  2 howler monkeys (D:12)
12 creatures vanquished.

Vanquished Creatures (others)
  An unseen horror (D:11)
1 creature vanquished.

Grand Total: 832 creatures vanquished

Notes
Turn   | Place    | Note
-------+----------+-------------------------------------------
     0 | D:1      | jejorda2 the Gnoll Berserker began the quest for the Orb.
     0 | D:1      | Reached XP level 1. HP: 23/23 MP: 1/1
   106 | D:1      | Reached XP level 2. HP: 29/29 MP: 2/2
   237 | D:1      | Reached ** piety under Trog
   286 | D:1      | Reached XP level 3. HP: 34/35 MP: 3/3
   705 | D:2      | Reached skill level 1 in Invocations
   863 | D:2      | Reached skill level 1 in Short Blades
   863 | D:2      | Reached skill level 1 in Long Blades
   863 | D:2      | Reached skill level 1 in Maces & Flails
   863 | D:2      | Reached skill level 1 in Polearms
   863 | D:2      | Reached skill level 1 in Staves
   863 | D:2      | Reached skill level 1 in Ranged Weapons
   863 | D:2      | Reached skill level 1 in Throwing
   863 | D:2      | Reached skill level 1 in Stealth
   863 | D:2      | Reached skill level 1 in Shields
   863 | D:2      | Reached skill level 1 in Unarmed Combat
   863 | D:2      | Reached skill level 1 in Spellcasting
   863 | D:2      | Reached skill level 1 in Evocations
  1373 | D:3      | Noticed Sigmund
  1380 | D:3      | Reached XP level 4. HP: 41/41 MP: 5/5
  1381 | D:3      | Killed Sigmund
  1382 | D:3      | Reached skill level 1 in Conjurations
  1382 | D:3      | Reached skill level 1 in Hexes
  1382 | D:3      | Reached skill level 1 in Summonings
  1382 | D:3      | Reached skill level 1 in Necromancy
  1382 | D:3      | Reached skill level 1 in Translocations
  1382 | D:3      | Reached skill level 1 in Transmutations
  1382 | D:3      | Reached skill level 1 in Fire Magic
  1382 | D:3      | Reached skill level 1 in Ice Magic
  1382 | D:3      | Reached skill level 1 in Air Magic
  1382 | D:3      | Reached skill level 1 in Earth Magic
  1382 | D:3      | Reached skill level 1 in Poison Magic
  1382 | D:3      | Reached skill level 1 in Shapeshifting
  1382 | D:3      | Reached XP level 5. HP: 47/47 MP: 5/7
  1450 | D:3      | Noticed Natasha
  1451 | D:3      | Reached XP level 6. HP: 53/53 MP: 8/8
  1454 | D:3      | Killed Natasha
  1463 | D:3      | Noticed Natasha
  1465 | D:3      | Killed Natasha
  1466 | D:3      | Reached skill level 5 in Armour
  1466 | D:3      | Reached skill level 5 in Dodging
  1575 | D:3      | Noticed Natasha
  1577 | D:3      | Killed Natasha
  1579 | D:3      | Found an iron altar of Okawaru.
  1642 | D:3      | Noticed Terence
  1654 | D:3      | Killed Terence
  1728 | D:3      | You fall into a shaft and drop 1 floor!
  1811 | D:4      | Noticed a sky beast
  1829 | D:4      | Killed a sky beast
  1830 | D:4      | Reached XP level 7. HP: 23/60 MP: 10/10
  2004 | D:4      | Found a basalt altar of Yredelemnul.
  2113 | D:4      | Reached *** piety under Trog
  2231 | D:4      | Noticed Blork the orc
  2239 | D:4      | Killed Blork the orc
  2381 | D:4      | Found a blossoming altar of Fedhas.
  2705 | D:5      | Entered Level 5 of the Dungeon
  2769 | D:5      | Reached XP level 8. HP: 48/67 MP: 12/12
  2899 | D:5      | Noticed Prince Ribbit
  2902 | D:5      | Killed Prince Ribbit
  3227 | D:5      | Reached XP level 9. HP: 73/73 MP: 14/14
  3241 | D:5      | Noticed Menkaure
  3244 | D:5      | Found a staircase to the Ecumenical Temple.
  3247 | D:5      | Killed Menkaure
  3788 | D:6      | Found Seajok's Distillery.
  3987 | D:6      | Found an opulent altar of Gozag.
  4558 | D:6      | Reached skill level 5 in Invocations
  4565 | D:6      | Reached **** piety under Trog
  4837 | D:7      | Noticed a hornet
  4842 | D:7      | Killed a hornet
  4906 | D:7      | Found a stormy altar of Qazlal.
  5075 | D:7      | Reached XP level 10. HP: 77/80 MP: 14/17
  5121 | D:7      | Found a shimmering blue altar of Sif Muna.
  5176 | D:7      | Reached skill level 5 in Short Blades
  5176 | D:7      | Reached skill level 5 in Long Blades
  5176 | D:7      | Reached skill level 5 in Maces & Flails
  5176 | D:7      | Reached skill level 5 in Polearms
  5176 | D:7      | Reached skill level 5 in Staves
  5176 | D:7      | Reached skill level 5 in Ranged Weapons
  5176 | D:7      | Reached skill level 5 in Throwing
  5176 | D:7      | Reached skill level 5 in Stealth
  5176 | D:7      | Reached skill level 5 in Shields
  5176 | D:7      | Reached skill level 5 in Unarmed Combat
  5176 | D:7      | Reached skill level 5 in Spellcasting
  5176 | D:7      | Reached skill level 5 in Evocations
  5257 | D:7      | Identified the +2 cloak of Xiesiul {rElec Dex-5 Slay+4
                  | Stlth-}
  5358 | D:7      | Found a glowing golden altar of the Shining One.
  6033 | D:8      | Found a runed translucent gate.
  6033 | D:8      | Found a runed translucent gate.
  6036 | D:8      | Found a runed translucent gate.
  6037 | D:8      | Noticed Fodor's ghost (novice MiFi)
  6040 | D:8      | Found a viscous altar of Jiyva.
  6052 | D:8      | Killed Fodor's ghost
  6139 | D:8      | Reached skill level 5 in Shapeshifting
  6326 | D:9      | Found Bism's Distillery.
  6365 | D:9      | Bought a potion of resistance for 150 gold pieces
  6365 | D:9      | Bought a potion of mutation for 120 gold pieces
  6756 | D:9      | Found a hide-covered altar of Uskayaw.
  6756 | D:9      | Found a bloodstained altar of Trog.
  6757 | D:9      | Found a shadowy altar of Dithmenos.
  6839 | D:9      | Found a sacrificial altar of Ru.
  6916 | D:9      | Found an ornate altar of the Wu Jian Council.
  7220 | D:9      | Found a white marble altar of Elyvilon.
  7220 | D:9      | Found a sparkling altar of Nemelex Xobeh.
  7228 | D:10     | Entered Level 10 of the Dungeon
  7658 | D:10     | Reached XP level 11. HP: 83/87 MP: 17/19
  7798 | D:10     | Reached skill level 5 in Conjurations
  7798 | D:10     | Reached skill level 5 in Hexes
  7798 | D:10     | Reached skill level 5 in Summonings
  7798 | D:10     | Reached skill level 5 in Necromancy
  7798 | D:10     | Reached skill level 5 in Translocations
  7798 | D:10     | Reached skill level 5 in Transmutations
  7798 | D:10     | Reached skill level 5 in Fire Magic
  7798 | D:10     | Reached skill level 5 in Ice Magic
  7798 | D:10     | Reached skill level 5 in Air Magic
  7798 | D:10     | Reached skill level 5 in Earth Magic
  7798 | D:10     | Reached skill level 5 in Poison Magic
  7924 | D:10     | Noticed Harold
  7951 | D:10     | Killed Harold
  8300 | D:11     | Found a staircase to the Lair.
  8326 | D:11     | Noticed a two-headed ogre
  8334 | D:11     | Killed a two-headed ogre
  8397 | D:11     | Noticed a two-headed ogre
  8403 | D:11     | Killed a two-headed ogre
  8477 | D:11     | Noticed a cyclops
  8488 | D:11     | Killed a cyclops
  8488 | D:11     | Noticed a cyclops
  8506 | D:11     | Killed a cyclops
  8889 | D:12     | Noticed a deep elf pyromancer
  8890 | D:12     | Found a basalt altar of Yredelemnul.
  8896 | D:12     | Killed a deep elf pyromancer
  8916 | D:12     | Noticed Fannar
  8917 | D:12     | Found a gate leading to a gauntlet.
  8930 | D:12     | Killed Fannar
  8931 | D:12     | Reached XP level 12. HP: 63/97 MP: 5/22
  8939 | D:12     | Noticed a two-headed ogre
  8944 | Gauntlet | Entered a Gauntlet
  8944 | Gauntlet | Found a transporter.
  8944 | Gauntlet | Found a transporter.
  9102 | Gauntlet | Found a transporter.
  9106 | Gauntlet | Found a transporter.
  9117 | Gauntlet | Found a transporter.
  9118 | Gauntlet | Found a transporter.
  9122 | Gauntlet | Found a runed translucent door.
  9124 | Gauntlet | Found a runed translucent door.
  9126 | Gauntlet | Found a transporter.
  9139 | Gauntlet | Noticed a balrug
  9143 | Gauntlet | Found a transporter.
  9157 | Gauntlet | Found a transporter.
  9161 | Gauntlet | Found a transporter.
  9170 | Gauntlet | Found a transporter.
  9173 | Gauntlet | Found a transporter.
  9259 | Gauntlet | Identified the +8 hand axe of Analysis {flame, Will+
                  | Stlth+}
  9324 | Gauntlet | Identified the ring of Vehumet, Transmuting {Wiz rCorr
                  | Str+5}
  9553 | Gauntlet | Noticed a minotaur
  9571 | Gauntlet | Killed a minotaur
  9572 | Gauntlet | Reached skill level 10 in Fighting
  9572 | Gauntlet | Reached skill level 10 in Axes
  9697 | D:12     | Killed a two-headed ogre
 10153 | D:12     | Noticed a two-headed ogre
 10345 | D:12     | Killed a two-headed ogre
 10349 | D:12     | Reached ***** piety under Trog
 10359 | D:12     | Found a staircase to the Orcish Mines.
 10550 | Lair:1   | Entered Level 1 of the Lair of Beasts
 10738 | Lair:1   | Reached XP level 13. HP: 104/104 MP: 23/25
 11767 | Lair:2   | Noticed Amaemon
 11785 | Lair:2   | Killed Amaemon
 12181 | Lair:2   | Found a staircase to the Shoals.
 12702 | Lair:2   | Received a gift from Trog
 13418 | Lair:3   | Reached skill level 10 in Armour
 13418 | Lair:3   | Reached skill level 10 in Dodging
 13858 | Lair:3   | Reached XP level 14. HP: 113/113 MP: 25/27
 14124 | Lair:3   | Found a hole to the Spider Nest.
 14465 | Lair:4   | Reached skill level 10 in Invocations
 15774 | Lair:5   | Entered Level 5 of the Lair of Beasts
 15915 | Lair:5   | Received a gift from Trog
 16472 | Lair:5   | Reached XP level 15. HP: 109/120 MP: 28/28
 16513 | Lair:5   | Reached skill level 10 in Short Blades
 16513 | Lair:5   | Reached skill level 10 in Long Blades
 16513 | Lair:5   | Reached skill level 10 in Maces & Flails
 16513 | Lair:5   | Reached skill level 10 in Polearms
 16513 | Lair:5   | Reached skill level 10 in Staves
 16513 | Lair:5   | Reached skill level 10 in Ranged Weapons
 16513 | Lair:5   | Reached skill level 10 in Throwing
 16513 | Lair:5   | Reached skill level 10 in Stealth
 16513 | Lair:5   | Reached skill level 10 in Shields
 16513 | Lair:5   | Reached skill level 10 in Unarmed Combat
 16513 | Lair:5   | Reached skill level 10 in Spellcasting
 16513 | Lair:5   | Reached skill level 10 in Evocations
 16664 | Lair:5   | Received a gift from Trog
 16829 | Lair:5   | Found a viscous altar of Jiyva.
 16830 | Lair:5   | Found a staircase to the Slime Pits.
 17362 | D:13     | Found a gate to the Vaults.
 17389 | D:13     | Found a hazy altar of Hepliaklqana.
 17639 | D:13     | Noticed a tengu reaver
 17668 | D:13     | Killed a tengu reaver
 18461 | D:14     | Found a blossoming altar of Fedhas.
 19003 | D:15     | Entered Level 15 of the Dungeon
 19125 | D:15     | Identified the +1 dagger of Gravity {holy, rC+ MP+9}
 19571 | D:15     | Found a staircase to the Depths.
 19579 | D:15     | Reached XP level 16. HP: 110/129 MP: 30/30
 20533 | Orc:1    | Entered Level 1 of the Orcish Mines
 20600 | Orc:2    | Entered Level 2 of the Orcish Mines
 20608 | Orc:2    | Received a gift from Trog
 20610 | Orc:2    | Found Ruqih's Distillery.
 20637 | Orc:2    | Bought a potion of resistance for 160 gold pieces
 20683 | Orc:2    | Reached skill level 10 in Shapeshifting
 20703 | Orc:2    | HP: 5/129 [cloud of flame (7)]
 20818 | Orc:2    | Found Silot's Distillery.
 20818 | Orc:2    | Found Gikuoh's Magic Scroll Emporium.
 20820 | Orc:2    | Found Ibbips's Magic Scroll Shoppe.
 20822 | Orc:2    | Found Meucrogu's Armour Boutique.
 21002 | Orc:2    | Found a staircase to the Elven Halls.
 21132 | Orc:2    | Found Quabal's General Store.
 21142 | Orc:2    | Found Waodat's Antique Armour Emporium.
 21163 | Orc:2    | Found Leimn's Book Shop.
 21527 | Orc:1    | Noticed Jorgrun
 21540 | Orc:1    | Noticed Maurice
 21544 | Orc:1    | Killed Jorgrun
 21556 | Orc:2    | Something stole 10 silver javelins
 21558 | Orc:2    | Maurice stole a ring of ice
 21564 | Orc:2    | Killed Maurice
 21854 | Orc:2    | Bought a pair of embroidered gloves for 232 gold pieces
 21902 | Orc:2    | Bought a +0 helmet of see invisible for 126 gold pieces
 22380 | Orc:2    | Bought a scroll of enchant armour for 82 gold pieces
 22380 | Orc:2    | Bought a scroll of enchant armour for 82 gold pieces
 22596 | Spider:1 | Entered Level 1 of the Spider Nest
 23016 | Spider:1 | Noticed Josephine
 23051 | Spider:1 | Killed Josephine
 23958 | Spider:2 | Identified the +3 pair of gloves of Duumar {+Inv rPois
                  | rCorr Int-2}
 23958 | Spider:2 | Noticed Nikola
 23973 | Spider:2 | Killed Nikola
 24396 | Spider:2 | Received a gift from Trog
 24421 | Spider:2 | Noticed Frances
 24448 | Spider:2 | Killed Frances
 24602 | Spider:2 | Noticed Louise
 24618 | Spider:2 | Killed Louise
 24957 | Spider:2 | Identified the +1 scale mail of Fortification {-Tele Fly
                  | rElec}
 25690 | Spider:2 | Reached XP level 17. HP: 136/136 MP: 32/32
 26084 | Spider:3 | Gained mutation: Your magical capacity is low. (-10% MP)
                  | [mutagenic glow]
 26950 | Spider:4 | Entered Level 4 of the Spider Nest
 27296 | Spider:4 | Reached skill level 10 in Conjurations
 27296 | Spider:4 | Reached skill level 10 in Hexes
 27296 | Spider:4 | Reached skill level 10 in Summonings
 27296 | Spider:4 | Reached skill level 10 in Necromancy
 27296 | Spider:4 | Reached skill level 10 in Translocations
 27296 | Spider:4 | Reached skill level 10 in Transmutations
 27296 | Spider:4 | Reached skill level 10 in Fire Magic
 27296 | Spider:4 | Reached skill level 10 in Ice Magic
 27296 | Spider:4 | Reached skill level 10 in Air Magic
 27296 | Spider:4 | Reached skill level 10 in Earth Magic
 27296 | Spider:4 | Reached skill level 10 in Poison Magic
 27587 | Spider:4 | Received a gift from Trog
 28534 | Spider:4 | HP: 10/205 [poisoned by a redback]
 28536 | Spider:4 | HP: 4/205 [poisoned by a redback]
 28536 | Spider:4 | HP: 1/205 [wolf spider (3)]
 28538 | Spider:4 | Succumbed to a redback's poison

Illustrated notes

Levels and vault maps discovered:
D:1:      dpeg_arrival_erosion, layout_rooms
D:2:      layout_basic
D:3:      layout_basic, okawaru_ov_weapons_minmay, minmay_ruptured,
          uniq_sigmund, uniq_natasha, uniq_terence
D:4:      layout_basic, mainiacjoe_overflow_alcove_4,
          mainiacjoe_overflow_alcove_1, uniq_blork_the_orc
D:5:      cheibrodos_quashed, layout_basic, temple_fountains,
          serial_bayou_pond_b, uniq_prince_ribbit1, uniq_menkaure
D:6:      layout_rooms, mainiacjoe_overflow_paths, serial_shops, shop,
          minmay_tree_intersection, grunt_ministairs_10
D:7:      layout_basic, general_overflow_altar,
          mainiacjoe_overflow_cross_hatched, nicolae_tso_carved_into_rock
D:8:      layout_basic, gammafunk_ghost_ooze
D:9:      nicolae_cairo_tiling, layout_stronghold, nzn_wu_jian_council_hall,
          amcnicky_altar_gilded, nicolae_overflow_hidden_temple, serial_shops,
          nicolae_shop_just_a_little_nook
D:10:     layout_irregular_city, uniq_harold
D:11:     layout_cross, lair_entry_dummy
D:12:     layout_roguey, erik_orc_2, gauntlet_entry_generic, minivault_23,
          yredelemnul_altar_generic, uniq_fannar
D:13:     nzn_winding_woodlands_stair_cross [nzn_winding_woodlands_5x15_pool,
          nzn_winding_woodlands_center_triple_pond,
          nzn_winding_woodlands_5x15_default,
          nzn_winding_woodlands_5x5_perimeter,
          nzn_winding_woodlands_5x5_closed_star,
          nzn_winding_woodlands_5x15_lazy_stream,
          nzn_winding_woodlands_center_garden,
          nzn_winding_woodlands_5x15_concentric], layout_gridville,
          hellmonk_vaults_keyhole, nicolae_hepliaklqana_hippocampus
D:14:     layout_cave_pools, fedhas_altar_2, grunt_ogre_cave,
          lightli_wizard_tower
D:15:     gammafunk_depths_entry_grave, layout_stronghold,
          serial_co_window_serial, co_window_corner_a, co_window_paths_a,
          co_window_paths_b, co_window_corner_a, co_window_of_opportunity_a,
          co_window_paths_a, co_window_of_opportunity_a,
          co_window_of_opportunity_b, co_window_corner_b, co_window_cross_2,
          co_window_broadway_b, co_window_unsneaky_path_d, glass_columns_a,
          glass_columns_c, glass_columns_c, glass_columns_c, glass_columns_c
Lair:1:   layout_gridlike
Lair:2:   layout_hall_layers, elwin_shoals_entry_stream,
          amcnicky_mini_pool_medium, uniq_amaemon
Lair:3:   layout_misc_corridors, spider_nest_entry_funnel_web,
          infiniplex_staircase_pool_2
Lair:4:   layout_cave_pods, grunt_megastairs_4
Lair:5:   grunt_lair_end_beastmaster, layout_cave_shapes,
          dpeg_slime_entry_corner, serial_bayou_lagoon_a, lookout_lair_type
Spider:1: layout_cave_pods, uniq_josephine
Spider:2: layout_spider_delve, nicolae_spider_webs_and_nodes, uniq_nikola,
          uniq_louise, uniq_frances
Spider:3: layout_spider_delve
Spider:4: grunt_spider_rune_parallel
Orc:1:    layout_caves, nicolae_orc_bridge_out, uniq_maurice, uniq_jorgrun
Orc:2:    st_orc_rangers, layout_caves, serial_shops, shop, shop,
          nicolae_shop_hallway_plus, shop

Skill      XL: |  1  2  3  4  5  6  7  8  9 10 11 12 13 14 15 16 17 |
---------------+----------------------------------------------------+-----
Invocations    | 1 2 3 4 5 6 7 8 9 10 11 12 13 | 13.0
Short Blades   | 1 2 3 4 5 7 8 9 10 11 12 | 12.0
Long Blades    | 1 2 3 4 5 7 8 9 10 11 12 | 12.0
Maces & Flails | 1 2 3 4 5 7 8 9 10 11 12 | 12.0
Polearms       | 1 2 3 4 5 7 8 9 10 11 12 | 12.0
Staves         | 1 2 3 4 5 7 8 9 10 11 12 | 12.0
Ranged Weapons | 1 2 3 4 5 7 8 9 10 11 12 | 12.0
Throwing       | 1 2 3 4 5 7 8 9 10 11 12 | 12.0
Stealth        | 1 2 3 4 5 7 8 9 10 11 12 | 12.0
Shields        | 1 2 3 4 5 7 8 9 10 11 12 | 12.0
Unarmed Combat | 1 2 3 4 5 7 8 9 10 11 12 | 12.0
Spellcasting   | 1 2 3 4 5 7 8 9 10 11 12 | 12.0
Evocations     | 1 2 3 4 5 7 8 9 10 11 12 | 12.0
Conjurations   | 1 2 3 4 5 6 7 8 9 10 | 10.1
Hexes          | 1 2 3 4 5 6 7 8 9 10 | 10.1
Summonings     | 1 2 3 4 5 6 7 8 9 10 | 10.1
Necromancy     | 1 2 3 4 5 6 7 8 9 10 | 10.1
Translocations | 1 2 3 4 5 6 7 8 9 10 | 10.1
Transmutations | 1 2 3 4 5 6 7 8 9 10 | 10.1
Fire Magic     | 1 2 3 4 5 6 7 8 9 10 | 10.1
Ice Magic      | 1 2 3 4 5 6 7 8 9 10 | 10.1
Air Magic      | 1 2 3 4 5 6 7 8 9 10 | 10.1
Earth Magic    | 1 2 3 4 5 6 7 8 9 10 | 10.1
Poison Magic   | 1 2 3 4 5 6 7 8 9 10 | 10.1
Shapeshifting  | 1 2 3 4 5 6 7 8 9 10 11 | 11.0
Armour         | 5 6 7 8 9 10 11 12 | 12.8
Dodging        | 5 6 7 8 9 10 11 12 | 12.8
Fighting       | 7 8 9 10 11 12 13 | 13.5
Axes           | 7 8 9 10 11 12 13 | 13.5

Action                     |  1- 3 |  4- 6 |  7- 9 | 10-12 | 13-15 | 16-18 || total
---------------------------+-------+-------+-------+-------+-------+-------++-------
  Melee: Hand axe          |    68 |       |       |   153 |  1026 |  1158 ||  2405
         Bite              |     8 |     6 |    15 |    44 |   147 |   169 ||   389
         Punch             |     4 |       |     4 |    12 |    25 |       ||    45
         War axe           |     9 |    56 |   179 |   183 |       |       ||   427
         Battleaxe         |       |       |       |    78 |       |       ||    78
  Throw: Dart              |       |       |    13 |       |    59 |   143 ||   215
         Boomerang         |       |       |       |     6 |    13 |       ||    19
         Javelin           |       |       |       |       |    13 |       ||    13
         Throwing net      |       |       |       |       |       |     1 ||     1
 Invoke: Berserk           |     1 |     1 |     7 |    12 |    15 |    18 ||    54
         Trog's Hand       |       |       |     2 |     5 |     6 |     4 ||    17
         Brothers in Arms  |       |       |       |     1 |     1 |     1 ||     3
  Evoke: Wand              |       |       |       |     1 |       |     1 ||     2
    Use: Scroll            |       |       |    17 |     5 |     5 |     8 ||    35
         Potion            |       |       |       |     1 |       |     6 ||     7
   Stab: Sleeping          |       |       |       |       |       |     6 ||     6
         Invisible         |       |       |       |       |       |     1 ||     1
 Armour: Animal skin       |     8 |       |       |       |       |       ||     8
         Chain mail        |    38 |    65 |   189 |   578 |   948 |   875 ||  2693
  Dodge: Dodged            |    44 |    18 |    98 |   277 |   393 |   684 ||  1514
  Block: Buckler           |       |       |     6 |    67 |    83 |       ||   156
         Kite shield       |       |       |       |       |    89 |   693 ||   782
         Reflection        |       |       |       |       |     4 |    24 ||    28

Table legend: (Time is in decaauts)
 A = Elapsed time spent in this place.
 B = Non-inter-level travel time spent in this place.
 C = Inter-level travel time spent in this place.
 D = Time resting spent in this place.
 E = Time spent auto-exploring this place.
 F = Levels seen in this place.
 G = Mean time per level.
                   A        B        C        D        E       F      G
               +--------+--------+--------+--------+--------+-----+--------+
         Total |  28760 |  25455 |   3305 |   2465 |  17363 |  27 | 1065.2 |
       Dungeon |  13987 |  12373 |   1614 |    990 |   8815 |  15 |  932.5 |
          Lair |   6991 |   5820 |   1171 |    478 |   4160 |   5 | 1398.2 |
   Spider Nest |   5534 |   5233 |    301 |    733 |   3153 |   4 | 1383.5 |
  Orcish Mines |   1468 |   1249 |    219 |    108 |    781 |   2 |  734.0 |
      Gauntlet |    778 |    778 |      0 |    155 |    453 |   1 |  778.0 |
               +--------+--------+--------+--------+--------+-----+--------+

Top non-repeatable levels by time:
  Lair:2: 1874 daAuts
  Lair:1: 1608 daAuts
Spider:2: 1590 daAuts
Spider:4: 1380 daAuts
    D:13: 1346 daAuts
Spider:1: 1316 daAuts
  Lair:4: 1306 daAuts
Spider:3: 1246 daAuts
     D:5: 1232 daAuts
    D:12: 1220 daAuts
     D:6: 1220 daAuts
    D:10: 1164 daAuts
    D:15: 1129 daAuts
  Lair:3: 1123 daAuts
     D:9: 1091 daAuts
